APP
SEATTLE (APP) MARINERS @ OREM OWLZ
10/15/2048
 
TOP OF THE 1ST
Greeneville Astros batting - Pitching for Texas (APP) Rangers : LHP Bobby Dahlgren
Pitching: LHP Bobby Dahlgren
Batting: RHB Barry Brents 0-0: Swinging Strike
0-1: Bunted foul
0-2: Ground out U3 (Groundball, 3, EV 90.0 MPH)
Batting: SHB Yoo-chul Jung 0-0: DOUBLE (Line Drive, 7LM, EV 99.4 MPH)
Batting: LHB Rich Gomez 0-0: Swinging Strike
0-1: Called Strike
Balk!
Yoo-chul Jung to third
0-2: Ball
1-2: Ball
Balk!
Yoo-chul Jung scores
2-2: Ball
3-2: Strikes out swinging
Batting: RHB Garrett Pálsson 0-0: Ground out U3 (Groundball, 34, EV 81.3 MPH)
Top of the 1st over - 1 run, 1 hit, 0 errors, 0 left on base; Greeneville 1 - Texas (APP) 0
BOTTOM OF THE 1ST
Texas (APP) Rangers batting - Pitching for Greeneville Astros : RHP Aldomiro Camanho
Pitching: RHP Aldomiro Camanho
Batting: LHB Rob Calderon 0-0: Ball
1-0: Called Strike
1-1: Called Strike
1-2: Ball
2-2: Ball
3-2: Foul Ball, location: 2F
3-2: Foul Ball, location: 2F
3-2: Foul Ball, location: 2F
3-2: Foul Ball, location: 2F
3-2: Ground out U3 (Groundball, 34, EV 86.3 MPH)
Batting: RHB Brian Snyder 0-0: Ball
1-0: Foul Ball, location: 2F
1-1: Foul Ball, location: 2F
1-2: Fly out, F8 (Line Drive, 8RM, EV 95.0 MPH)
Batting: LHB Chris Torres 0-0: Foul Ball, location: 2F
0-1: Ground out 2-3 (Groundball, 15S, EV 71.3 MPH)
Bottom of the 1st over - 0 runs, 0 hits, 0 errors, 0 left on base; Greeneville 1 - Texas (APP) 0
TOP OF THE 2ND
Greeneville Astros batting - Pitching for Texas (APP) Rangers : LHP Bobby Dahlgren
Batting: RHB Matt Lancto 0-0: Swinging Strike
0-1: Ball
1-1: Ball
2-1: Ball
3-1: Base on Balls
Batting: RHB Bobby Pedraza 0-0: Ball
1-0: Ball
2-0: Ball
3-0: Called Strike
3-1: Called Strike
3-2: Base on Balls
Matt Lancto to second
Batting: RHB Alberto Villeda 0-0: Ball
1-0: Foul Ball, location: 2F
1-1: Swinging Strike
1-2: Fielders Choice at 3rd, U5 (Groundball, 5L, EV 98.1 MPH)
Bobby Pedraza to second
Batting: RHB Tony Almonte 0-0: Called Strike
Bobby Pedraza steals 3rd base
0-1: Grounds into double play, 4-6-3 (Groundball, 4, EV 101.9 MPH)
Top of the 2nd over - 0 runs, 0 hits, 0 errors, 1 left on base; Greeneville 1 - Texas (APP) 0
BOTTOM OF THE 2ND
Texas (APP) Rangers batting - Pitching for Greeneville Astros : RHP Aldomiro Camanho
Batting: RHB Rich Stinson 0-0: Foul Ball, location: 2F
0-1: Fly out, F9 (Flyball, 9S, EV 90.0 MPH)
Batting: RHB Brian Gomez 0-0: Called Strike
0-1: Called Strike
0-2: Ball
1-2: Strikes out looking
Batting: RHB David Reyna 0-0: Ball
1-0: Swinging Strike
1-1: Foul Ball, location: 2F
1-2: Ground out 5-3 (Groundball, 56, EV 97.5 MPH)
Bottom of the 2nd over - 0 runs, 0 hits, 0 errors, 0 left on base; Greeneville 1 - Texas (APP) 0
TOP OF THE 3RD
Greeneville Astros batting - Pitching for Texas (APP) Rangers : LHP Bobby Dahlgren
Batting: SHB David Pinder 0-0: Called Strike
0-1: Called Strike
0-2: Foul Ball, location: 2F
0-2: DOUBLE (Flyball, 89D, EV 105.6 MPH)
Batting: RHB Barry Brents 0-0: Ball
1-0: Called Strike
1-1: Swinging Strike
1-2: Ball
2-2: Fly out, F3 (Popup, 3F, EV 58.1 MPH)
Batting: SHB Yoo-chul Jung 0-0: Called Strike
0-1: Swinging Strike
0-2: Ground out 4-3 (Groundball, 4, EV 83.1 MPH)
David Pinder to third
Batting: LHB Rich Gomez 0-0: Called Strike
0-1: Ball
1-1: Ball
2-1: Swinging Strike
2-2: Ball
3-2: Foul Ball, location: 2F
3-2: Strikes out looking
Top of the 3rd over - 0 runs, 1 hit, 0 errors, 1 left on base; Greeneville 1 - Texas (APP) 0
BOTTOM OF THE 3RD
Texas (APP) Rangers batting - Pitching for Greeneville Astros : RHP Aldomiro Camanho
Batting: RHB Liangde Li 0-0: Called Strike
0-1: Called Strike
0-2: Foul Ball, location: 2F
0-2: Ball
1-2: Ball
2-2: Strikes out swinging
Batting: RHB Humberto Oros 0-0: Called Strike
0-1: Ball
1-1: Ball
2-1: Ball
3-1: Called Strike
3-2: Base on Balls
Batting: LHB David Ramirez 0-0: Called Strike
0-1: Fly out, F7 (Flyball, 7LM, EV 102.5 MPH)
Batting: LHB Rob Calderon 0-0: Ball
1-0: Foul Ball, location: 2F
1-1: Ball
2-1: Foul Ball, location: 2F
2-2: Hit by Pitch
Humberto Oros to second
Batting: RHB Brian Snyder 0-0: Called Strike
0-1: Ball
1-1: Called Strike
1-2: Ball
2-2: Ball
3-2: Base on Balls
Humberto Oros to third
Rob Calderon to second
Batting: LHB Chris Torres 0-0: Called Strike
0-1: Foul Ball, location: 2F
0-2: Ball
1-2: Ball
2-2: SINGLE (Groundball, 4MD, EV 98.1 MPH)
Humberto Oros scores
Rob Calderon to third
Brian Snyder to second
Runner from 3rd tries for Home, SAFE, throw by CF to home
Batting: RHB Rich Stinson 0-0: Ball
1-0: DOUBLE (Line Drive, 7LS, EV 92.5 MPH)
Brian Snyder scores
Chris Torres to third
Runner from 3rd tries for Home, throw by LF and OUT! 7-6-2
Bottom of the 3rd over - 3 runs, 2 hits, 0 errors, 1 left on base; Greeneville 1 - Texas (APP) 3
TOP OF THE 4TH
Greeneville Astros batting - Pitching for Texas (APP) Rangers : LHP Bobby Dahlgren
Batting: RHB Garrett Pálsson 0-0: Ball
1-0: Ball
2-0: Ball
3-0: Foul Ball, location: 2F
3-1: Fly out, F3 (Popup, 3F, EV 66.9 MPH)
Batting: RHB Matt Lancto 0-0: Foul Ball, location: 2F
0-1: Foul Ball, location: 2F
0-2: Ball
1-2: Ground out 6-3 (Groundball, 56, EV 85.0 MPH)
Batting: RHB Bobby Pedraza 0-0: Ball
1-0: Ball
2-0: Foul Ball, location: 2F
2-1: Fly out, F3 (Popup, 3, EV 81.9 MPH)
Top of the 4th over - 0 runs, 0 hits, 0 errors, 0 left on base; Greeneville 1 - Texas (APP) 3
BOTTOM OF THE 4TH
Texas (APP) Rangers batting - Pitching for Greeneville Astros : RHP Aldomiro Camanho
Batting: RHB Brian Gomez 0-0: TRIPLE (Flyball, 78XD, EV 97.5 MPH)
Batting: RHB David Reyna 0-0: Reached on error, E6 (Groundball, 6, EV 104.4 MPH)
Brian Gomez scores
Batting: RHB Liangde Li 0-0: Ball
1-0: Ball
Wild Pitch!
David Reyna to second
2-0: Ball
3-0: Base on Balls
Batting: RHB Humberto Oros 0-0: Ball
1-0: Swinging Strike
1-1: Ball
2-1: Ball
Wild Pitch!
David Reyna to third
Liangde Li to second
3-1: Swinging Strike
3-2: Strikes out swinging
Batting: LHB David Ramirez 0-0: Called Strike
0-1: Hit by Pitch
Batting: LHB Rob Calderon 0-0: Foul Ball, location: 2F
0-1: Swinging Strike
0-2: Ball
1-2: Ball
2-2: Strikes out swinging
Pitching: LHP Tony Knight
Batting: RHB Brian Snyder 0-0: Ball
1-0: Ball
2-0: Called Strike
2-1: Called Strike
2-2: Ball
3-2: Fly out, F4 (Popup, 23, EV 85.0 MPH)
Bottom of the 4th over - 1 run, 1 hit, 1 error, 3 left on base; Greeneville 1 - Texas (APP) 4
TOP OF THE 5TH
Greeneville Astros batting - Pitching for Texas (APP) Rangers : LHP Bobby Dahlgren
Batting: RHB Alberto Villeda 0-0: Swinging Strike
0-1: Foul Ball, location: 2F
0-2: Strikes out swinging
Batting: RHB Tony Almonte 0-0: Ground out 6-3 (Groundball, 6M, EV 99.4 MPH)
Batting: SHB David Pinder 0-0: Ball
1-0: Called Strike
1-1: Called Strike
1-2: Foul Ball, location: 2F
1-2: Ground out U3 (Groundball, 3, EV 108.1 MPH)
Top of the 5th over - 0 runs, 0 hits, 0 errors, 0 left on base; Greeneville 1 - Texas (APP) 4
BOTTOM OF THE 5TH
Texas (APP) Rangers batting - Pitching for Greeneville Astros : LHP Tony Knight
Batting: LHB Chris Torres 0-0: Called Strike
0-1: Swinging Strike
0-2: Ball
1-2: Foul Ball, location: 2F
1-2: Foul Ball, location: 2F
1-2: Ball
2-2: Ball
3-2: Ground out 6-3 (Groundball, 6S, EV 80.0 MPH)
Batting: RHB Rich Stinson 0-0: Called Strike
0-1: Fly out, F7 (Line Drive, 7D, EV 91.9 MPH)
Batting: RHB Brian Gomez 0-0: Called Strike
0-1: Foul Ball, location: 2F
0-2: Strikes out swinging
Bottom of the 5th over - 0 runs, 0 hits, 0 errors, 0 left on base; Greeneville 1 - Texas (APP) 4
TOP OF THE 6TH
Greeneville Astros batting - Pitching for Texas (APP) Rangers : LHP Bobby Dahlgren
Batting: RHB Barry Brents 0-0: Ball
1-0: Foul Ball, location: 2F
1-1: Ball
2-1: Ground out 6-3 (Groundball, 6, EV 86.9 MPH)
Batting: SHB Yoo-chul Jung 0-0: Called Strike
0-1: Called Strike
0-2: Ball
1-2: Strikes out swinging
Batting: LHB Rich Gomez 0-0: Swinging Strike
0-1: Ground out 4-3 (Groundball, 4, EV 84.4 MPH)
Top of the 6th over - 0 runs, 0 hits, 0 errors, 0 left on base; Greeneville 1 - Texas (APP) 4
BOTTOM OF THE 6TH
Texas (APP) Rangers batting - Pitching for Greeneville Astros : LHP Tony Knight
Batting: RHB David Reyna 0-0: Ball
1-0: Foul Ball, location: 2F
1-1: Swinging Strike
1-2: Ball
2-2: Ball
3-2: SOLO HOME RUN (Flyball, 7D, EV 93.1 MPH), Distance : 369 ft
Batting: RHB Liangde Li 0-0: Called Strike
0-1: Ground out 5-3 (Groundball, 56, EV 105.6 MPH)
Batting: RHB Humberto Oros 0-0: Called Strike
Rain delay of 34 minutes in the 6th inning.
0-1: Fly out, F6 (Line Drive, 6, EV 70.6 MPH)
Batting: LHB David Ramirez 0-0: Foul Ball, location: 2F
0-1: Fly out, F3 (Popup, 3SF, EV 80.0 MPH)
Bottom of the 6th over - 1 run, 1 hit, 0 errors, 0 left on base; Greeneville 1 - Texas (APP) 5
TOP OF THE 7TH
Greeneville Astros batting - Pitching for Texas (APP) Rangers : LHP Bobby Dahlgren
Pitching: RHP John Scammell
Batting: RHB Garrett Pálsson 0-0: Swinging Strike
0-1: Foul Ball, location: 2F
0-2: Strikes out swinging
Batting: RHB Matt Lancto 0-0: DOUBLE (Flyball, 78D, EV 100.6 MPH)
Batting: RHB Bobby Pedraza 0-0: Swinging Strike
0-1: Swinging Strike
0-2: Ball
1-2: Strikes out swinging
Batting: RHB Alberto Villeda 0-0: Ball
1-0: Called Strike
1-1: Ball
2-1: Ground out 5-3 (Groundball, 56S, EV 88.8 MPH)
Top of the 7th over - 0 runs, 1 hit, 0 errors, 1 left on base; Greeneville 1 - Texas (APP) 5
BOTTOM OF THE 7TH
Texas (APP) Rangers batting - Pitching for Greeneville Astros : LHP Tony Knight
Pitching: RHP Isaiah Bird
Batting: LHB Rob Calderon 0-0: Ball
1-0: Swinging Strike
1-1: Ball
2-1: Ball
3-1: Base on Balls
Batting: RHB Brian Snyder 0-0: Bunt missed!
0-1: Sac Bunt to 5S - play at first, batter OUT! 5-4
Rob Calderon to second
Batting: LHB Chris Torres 0-0: Ball
1-0: Ball
2-0: Called Strike
2-1: Swinging Strike
2-2: DOUBLE (Line Drive, 3D, EV 98.8 MPH)
Rob Calderon scores
Batting: RHB Rich Stinson 0-0: Called Strike
0-1: Swinging Strike
0-2: Strikes out looking
Batting: RHB Brian Gomez 0-0: Ball
1-0: Foul Ball, location: 2F
1-1: Ball
2-1: Fly out, F5 (Line Drive, 5, EV 72.5 MPH)
Bottom of the 7th over - 1 run, 1 hit, 0 errors, 1 left on base; Greeneville 1 - Texas (APP) 6
TOP OF THE 8TH
Greeneville Astros batting - Pitching for Texas (APP) Rangers : RHP John Scammell
Batting: RHB Tony Almonte 0-0: Ball
1-0: Ball
2-0: Called Strike
2-1: Reached on error, E4 (Groundball, 4, EV 85.0 MPH)
Pitching: RHP Jose Feliz
Batting: SHB David Pinder 0-0: Grounds into double play, 5-4-3 (Groundball, 56, EV 101.3 MPH)
Batting: RHB Barry Brents 0-0: Ball
1-0: Ball
2-0: Foul Ball, location: 2F
2-1: Foul Ball, location: 2F
2-2: Foul Ball, location: 2F
2-2: Strikes out swinging
Top of the 8th over - 0 runs, 0 hits, 1 error, 0 left on base; Greeneville 1 - Texas (APP) 6
BOTTOM OF THE 8TH
Texas (APP) Rangers batting - Pitching for Greeneville Astros : RHP Isaiah Bird
Batting: RHB David Reyna 0-0: Ball
1-0: Ball
2-0: Ground out 6-3 (Groundball, 6M, EV 101.3 MPH)
Batting: RHB Liangde Li 0-0: Called Strike
0-1: Swinging Strike
0-2: Strikes out swinging
Batting: RHB Humberto Oros 0-0: Ball
1-0: Ball
2-0: Called Strike
2-1: Foul Ball, location: 2F
2-2: SINGLE (Groundball, 5S, EV 67.5 MPH) (infield hit)
Batting: LHB David Ramirez 0-0: Fly out, F7 (Flyball, 7LS, EV 86.3 MPH)
Bottom of the 8th over - 0 runs, 1 hit, 0 errors, 1 left on base; Greeneville 1 - Texas (APP) 6
TOP OF THE 9TH
Greeneville Astros batting - Pitching for Texas (APP) Rangers : RHP Jose Feliz
Batting: SHB Yoo-chul Jung 0-0: Ball
1-0: Swinging Strike
1-1: Called Strike
1-2: Foul Ball, location: 2F
1-2: Foul Ball, location: 2F
1-2: Foul Ball, location: 2F
1-2: Strikes out swinging
Batting: LHB Rich Gomez 0-0: Ball
1-0: Swinging Strike
1-1: Foul Ball, location: 2F
1-2: Ball
2-2: Strikes out swinging
Batting: RHB Garrett Pálsson 0-0: Called Strike
0-1: Ball
1-1: Foul Ball, location: 2F
1-2: Strikes out looking
Top of the 9th over - 0 runs, 0 hits, 0 errors, 0 left on base; Greeneville 1 - Texas (APP) 6
Tuesday, March 28th , 2023 - OOTP Baseball 23.10 Build 110